 Dungeon Crawl Stone Soup version 0.25-a0-566-g062765be81 (webtiles) character file.

Game seed: 5696368477062690834, levelgen mode: deterministic

25 Flugslaktarn the Covered (level 2, -6/27 HPs)
             Began as a Deep Dwarf Fighter on Feb 27, 2020.
             Killed by divine providence
             ... invoked by an orc priest
              (11 damage)
             ... on level 3 of the Dungeon.
             The game lasted 00:00:20 (351 turns).

Flugslaktarn the Covered (Deep Dwarf Fighter)        Turns: 351, Time: 00:00:21

Health: -6/27      AC:  6    Str: 19    XL:     2   Next: 82%
Magic:  2/2        EV:  7    Int:  8    God:
Gold:   18         SH:  9    Dex: 12    Spells: 1/1 levels left

rFire    . . .     SeeInvis .   a - +0 war axe
rCold    . . .     Gourm    .   c - +0 kite shield
rNeg     . . .     Faith    .   b - +0 scale mail
rPois    .         Spirit   .   (no helmet)
rElec    .         Reflect  .   (no cloak)
rCorr    .         Harm     .   (no gloves)
MR       .....                  (no boots)
Stlth    ..........             (no amulet)
HPRegen  0.00/turn              (no ring)
MPRegen  0.08/turn              (no ring)

@: non-regenerating
A: damage resistance, heal wounds, sense surroundings 1, no regeneration
a: Heal Wounds


You were on level 3 of the Dungeon.
You were not hungry.

You visited 1 branch of the dungeon, and saw 3 of its levels.

You collected 18 gold pieces.

Inventory:

Hand Weapons
 a - a +0 war axe (weapon)
Armour
 b - a +0 scale mail (worn)
 c - a +0 kite shield (worn)
Scrolls
 h - a scroll of immolation {unknown}
 i - a scroll of noise {unknown}
Potions
 d - a potion of might
 g - 2 potions of stabbing {unknown}
Comestibles
 e - a ration
 f - 6 chunks of flesh


   Skills:
 + Level 2.9 Fighting
 * Level 2.9 Axes
 + Level 3.5 Armour
 + Level 3.5 Shields


You had one spell level left.
You didn't know any spells.
Your spell library was empty.

Dungeon Overview and Level Annotations

Branches:
Dungeon (3/15)

Altars:


Innate Abilities, Weirdness & Mutations

You are resistant to damage.
You can heal yourself by infusing magical energy.
You passively map a small area around you.
You do not regenerate.


Message History

Beogh smites you!
Ouch! That really hurt!
* * * LOW HITPOINT WARNING * * *
You are too injured to fight recklessly!
You are too injured to fight recklessly!
You are too injured to fight recklessly!
You are too injured to fight recklessly!
You are too injured to fight recklessly!
You are too injured to fight recklessly!
You are too injured to fight recklessly!
You are too injured to fight recklessly!
You are too injured to fight recklessly!
You are too injured to fight recklessly!
You block the gnoll's attack.
You fail to use your ability.
The gnoll barely misses you. You block the orc's attack.
The gnoll hits you from afar with a +0 spear.
The orc priest calls down the wrath of Beogh upon you.
Beogh smites you!
You die...

.... ,........ ####
** #....o.# .####+##
#......# * .......#
#......# .......#
#.....o# .......#
#..(o..## ,* .......#
#....gZo#* ......(#
#...gg(o##
..##+###########@.#
................#.#,*
.###..#########.#.#
......# ,,,* #.#.# *
###..... #.#..
#.#.#..* * #.#.. *
#.#...... #.#..> ,
#......#. , ..#.#. *
######.# ..# * * ,


You could see an orc priest, an orc wizard, 3 gnolls, 3 orcs and a centaur
skeleton.

Vanquished Creatures
  An adder (D:2)
  A worm (D:2)
  2 goblins (D:1)
  A hobgoblin (D:2)
  2 jackals (D:1)
  A kobold (D:1)
  3 bats
  4 rats
15 creatures vanquished.

Vanquished Creatures (others)
  A giant cockroach (D:1)
1 creature vanquished.

Grand Total: 16 creatures vanquished

Notes
Turn   | Place    | Note
-------+----------+-------------------------------------------
     0 | D:1      | Flugslaktarn the Deep Dwarf Fighter began the quest for the
                  | Orb.
     0 | D:1      | Reached XP level 1. HP: 20/20 MP: 1/1
   177 | D:2      | Reached XP level 2. HP: 21/27 MP: 2/2
   351 | D:3      | Killed from afar by an orc priest

Levels and vault maps discovered:
D:1:      dpeg_arrival_radiant, layout_basic, minmay_misc_feat_nine_boxes,
          minmay_stone_trees_small, lemuel_flame_loot_1
D:2:      layout_loops_corners, minmay_pentomino_o2, uniq_jessica
D:3:      layout_basic, overflow_temple_1_default

Action                   || total
-------------------------++-------
Melee: War axe           ||    67
 Abil: Heal Wounds       ||     1
Armor: Scale mail        ||    44
Dodge: Dodged            ||    25
Block: Kite shield       ||    38

Table legend:
 A = Non-vault XP
 B = Vault XP
 C = Vault XP percentage of total XP
 D = Non-vault monster count
 E = Vault monster count
 F = Vault count percentage of total count
                 A         B        C        D         E       F
            +---------+---------+-------+---------+---------+-------
      Total |      36 |       0 |   0.0 |      15 |       0 |   0.0
            +---------+---------+-------+---------+---------+-------
        D:1 |      11 |       0 |   0.0 |       7 |       0 |   0.0
        D:2 |      23 |       0 |   0.0 |       6 |       0 |   0.0
        D:3 |       2 |       0 |   0.0 |       2 |       0 |   0.0
            +---------+---------+-------+---------+---------+-------
